 Dungeon Crawl Stone Soup version 0.29.1 (webtiles) character file.

Game seed: 469206381548641464

454 leavemydog the Conjurer (level 6, -6/32 HPs)
             Began as a Deep Elf Conjurer on Sept 13, 2022.
             Mangled by a kobold brigand
             ... wielding a +0 battleaxe
              (7 damage)
             ... in a sewer.
             The game lasted 00:04:39 (3102 turns).

leavemydog the Conjurer (Deep Elf Conjurer)         Turns: 3102, Time: 00:04:39

Health: -6/32      AC:  2    Str:  4    XL:     6   Next: 76%
Magic:  10/17      EV: 12    Int: 25    God:
Gold:   189        SH:  0    Dex: 13    Spells: 10/17 levels left

rFire   . . .      SeeInvis .   j - +1 dagger (venom)
rCold   . . .      Faith    .   (no shield)
rNeg    . . .      Spirit   .   d - +0 robe {Will+}
rPois   .          Reflect  .   (no helmet)
rElec   .          Harm     .   (no cloak)
rCorr   +          Rampage  .   (no gloves)
Will    +....                   (no boots)
Stlth   ++........              (no amulet)
HPRegen 0.10/turn               a - ring of resist corrosion
MPRegen 0.15/turn               (no ring)

@: mighty, lethally poisoned (-6 -> -9), hasted and slowed
A: no striking features
a: no special abilities


You were in a sewer.
You visited 1 branch of the dungeon, and saw 3 of its levels.
You also visited: Sewer.

You collected 189 gold pieces.

Inventory:

Hand Weapons
 j - a +1 dagger of venom (weapon)
Armour
 d - a +0 robe of willpower (worn)
Jewellery
 a - a ring of resist corrosion (left hand)
Wands
 k - a wand of charming (2)
Scrolls
 c - a scroll of noise {unknown}
 e - a scroll of enchant armour {unknown}
 h - 3 scrolls of identify {unknown}
 l - a scroll of vulnerability {unknown}
 m - a scroll of fear {unknown}
Potions
 b - a potion of might
 f - 2 potions of haste
 g - 2 potions of heal wounds {unknown}
 i - a potion of brilliance {unknown}


   Skills:
 - Level 2.4 Dodging
 - Level 2.4 Stealth
 + Level 6.2 Spellcasting
 + Level 7.3 Conjurations
 * Level 1.9 Translocations


You had 10 spell levels left.
You knew the following spells:

 Your Spells              Type           Power      Damage    Failure   Level
a - Magic Dart            Conj           100%       1d8       1%          1
b - Searing Ray           Conj           88%        2d7       1%          2
c - Iskenderun's Mystic   Conj/Tloc      30%        2d8       11%         4

Your spell library contained the following spells:

 Spells                   Type           Power      Damage    Failure   Level
 Apportation              Tloc           34%        N/A       3%          1
 Dazzling Flash           Conj/Hex       52%        N/A       4%          3
 Necrotise                Necr           28%        1d5       8%          1
 Summon Small Mammal      Summ           28%        N/A       8%          1
 Fulminant Prism          Conj/Hex       13%        3d9       16%         4


Dungeon Overview and Level Annotations

Branches:
Dungeon (3/15)              Sewer (1/1)

Altars:
Wu Jian
Zin


Message History

The magic dart hits the kobold brigand.
The kobold brigand is moderately wounded.
A kobold brigand is nearby!
The magic dart hits the kobold brigand but does no damage.
The kobold brigand is moderately wounded.
The kobold brigand throws a curare-tipped dart.
The curare-tipped dart hits you.
You are poisoned.
You have difficulty breathing.
You feel yourself slow down.
Casting: Magic Dart (safe; 1% risk of failure)
Confirm with . or Enter, or press ? or * to list all spells.
You can't see any susceptible monsters within range! (Use Z to cast anyway.) Unknown command.
Found two clubs and a bubbling puce potion.
You feel very sick.
There is an open gate here.
Casting: Magic Dart (safe; 1% risk of failure)
Confirm with . or Enter, or press ? or * to list all spells.
Aiming: Searing Ray (safe; 1% risk of failure)
Press: ? - help, Shift-Dir - straight line, f/p - kobold brigand
Aim: a kobold brigand, wielding a +0 battleaxe and quivering curare-tipped darts (moderately wounded, 77% to hit)
The searing ray hits the kobold brigand!
The kobold brigand is heavily wounded. (Press . to maintain the ray.)
You feel very sick.
The searing ray hits the kobold brigand!
The kobold brigand is almost dead.
You feel very sick. The kobold brigand misses you.
The kobold brigand hits you with a +0 battleaxe!
* * * LOW HITPOINT WARNING * * *
It was a potion of might.
You feel very mighty all of a sudden.
* * * LOW HITPOINT WARNING * * *
You feel sick. The kobold brigand closely misses you.
It was a potion of haste.
You feel yourself speed up.
* * * LOW HITPOINT WARNING * * *
You feel sick. The kobold brigand closely misses you.
The kobold brigand hits you with a +0 battleaxe!
You die...

#(.....#.).#.....
≈≈~~≈≈~~.~....)~≈≈~~
≈≈≈#≈≈≈≈≈≈#...#≈≈≈≈≈
############†#######
##########...##########
##~≈~≈≈≈#...§...#≈≈≈≈~≈#
#...)...'.......'......!
........'.§._.§.'.....))
#.......'.......@K...).)
##≈≈≈≈≈≈#..§.§..#≈≈≈≈≈≈#
#########.....#########
##'''## #≈...≈# #≈...≈#
#≈...≈# #~...~# #~.).≈#


You could see a kobold brigand.

Vanquished Creatures
  Grinder (Sewer)
  A kobold brigand (Sewer)
  A quasit (Sewer)
  Terence (D:3)
  3 shadow imps (Sewer)
  4 ufetubi (Sewer)
  An adder zombie (Sewer)
  4 worms
  2 dart slugs
  4 ball pythons
  10 endoplasms
  6 giant cockroaches
  4 goblins
  3 hobgoblins
  2 jackals (D:2)
  15 kobolds
  A quokka (D:3)
  7 bats
  4 frilled lizards
  2 kobold zombies (Sewer)
  3 rats
79 creatures vanquished.

Notes
Turn   | Place    | Note
-------+----------+-------------------------------------------
     0 | D:1      | leavemydog the Deep Elf Conjurer began the quest for the
                  | Orb.
     0 | D:1      | Reached XP level 1. HP: 10/10 MP: 6/6
    33 | D:1      | Found a faded altar of an unknown god.
   154 | D:1      | Reached XP level 2. HP: 15/15 MP: 4/8
   157 | D:1      | Learned a level 2 spell: Searing Ray
   308 | D:1      | Reached skill level 5 in Conjurations
   990 | D:2      | Reached XP level 3. HP: 19/19 MP: 0/9
  1886 | D:3      | Found an ornate altar of the Wu Jian Council.
  1886 | D:3      | Found a glowing silver altar of Zin.
  2322 | D:3      | Found a glowing drain.
  2330 | D:3      | Noticed Terence
  2336 | D:3      | Reached XP level 4. HP: 24/24 MP: 4/11
  2345 | D:3      | Killed Terence
  2346 | D:3      | Reached skill level 6 in Conjurations
  2357 | Sewer    | Entered a sewer
  2591 | Sewer    | Noticed a kobold brigand
  2613 | Sewer    | Killed a kobold brigand
  2614 | Sewer    | Reached XP level 5. HP: 13/28 MP: 10/14
  2642 | Sewer    | Learned a level 4 spell: Iskenderun's Mystic Blast
  2714 | Sewer    | Reached skill level 5 in Spellcasting
  2783 | Sewer    | Found a burning altar of Makhleb.
  2946 | Sewer    | Noticed Grinder
  2962 | Sewer    | Killed Grinder
  2963 | Sewer    | Reached skill level 7 in Conjurations
  2963 | Sewer    | Reached skill level 1 in Translocations
  2963 | Sewer    | Reached XP level 6. HP: 32/32 MP: 4/17
  3101 | Sewer    | HP: 1/32 [poisoned by a kobold brigand (curare-tipped
                  | dart)]
  3102 | Sewer    | Mangled by a kobold brigand

Illustrated notes

Levels and vault maps discovered:
D:1:      lemuel_arrival_behind_the_door_large, layout_loops_ring,
          hellmonk_ecumenical_altar_lost_god, st_stairs_13
D:2:      layout_basic, minmay_misc_feat_hallway
D:3:      layout_loops_corners, mainiacjoe_overflow_paths,
          nicolae_overflow_squiral, cheibrodos_sewer_entry_drain,
          minmay_misc_feat_enclosed, uniq_terence
Sewer:    kennysheep_sewer_church

Skill      XL: |  1  2  3  4  5 |
---------------+----------------+-----
Conjurations   | 5 6 7 |  7.3
Spellcasting   | 4 6 |  6.2
Translocations | 1 |  1.9
Dodging        | |  2.4
Stealth        | |  2.4

Action                   |  1- 3 |  4- 6 || total
-------------------------+-------+-------++-------
Melee: Dagger            |     4 |     3 ||     7
 Cast: Magic Dart        |   101 |    59 ||   160
       Searing Ray       |       |     5 ||     5
  Use: Potion            |       |     3 ||     3
Armor: Robe              |     1 |     6 ||     7
Dodge: Dodged            |     6 |    28 ||    34
